 Dungeon Crawl Stone Soup version 0.23-a0-536-g5e0f5a2 (webtiles) character file.

27108 emperorscorpion the Carver (level 13, -11/101 HPs)
             Began as a Mummy Fighter on Dec 6, 2018.
             Was an Initiate of Gozag.
             Mangled by Snorg (17 damage)
             ... on level 14 of the Dungeon on Dec 7, 2018.
             The game lasted 00:31:15 (18338 turns).

emperorscorpion the Carver (Mummy Fighter)         Turns: 18338, Time: 00:31:16

Health: -11/101    AC: 14    Str: 22    XL:     13   Next: 2%
Magic:  13/13      EV: 11    Int:  7    God:    Gozag
Gold:   1530       SH: 16    Dex: 11    Spells: 12/12 levels left

rFire    x . .     SeeInvis .   a - +7 falchion (freeze)
rCold    + + +     Gourm    .   x - +0 shield
rNeg     + + +     Faith    .   o - +0 scale mail
rPois    ∞         Spirit   .   C - +0 helmet
rElec    .         Reflect  +   r - +0 cloak
rCorr    .         Harm     .   f - +1 pair of gloves
MR       +....                  m - +0 pair of boots
Stlth    +.........             E - amulet "Bioluf" {Reflect rC++ rN+ Int-3 SH+5 Stlth+}
HPRegen  0.26/turn              (no ring)
MPRegen  0.13/turn              (no ring)

@: gold aura
A: no food or potions, fire vulnerability, cold resistance 1, negative energy
resistance 3, torment resistance, unbreathing, in touch with death 1
a: Potion Petition, Call Merchant, Bribe Branch, Renounce Religion


You were on level 14 of the Dungeon.
You worshipped Gozag.
Gozag was most pleased with you.
You were not hungry.

You visited 2 branches of the dungeon, and saw 15 of its levels.

You collected 3063 gold pieces.
You spent 929 gold pieces at shops.
You paid 604 gold pieces to Gozag.

Inventory:

Hand Weapons
 a - a +7 falchion of freezing (weapon)
 b - a +0 blowgun
 c - a +3 scimitar of flaming
 l - a +0 long sword
Missiles
 p - 90 poisoned needles
 L - 8 needles of confusion
Armour
 f - a +1 pair of gloves (worn)
 k - a +0 plate armour
 m - a +0 pair of boots (worn)
 o - a +0 scale mail (worn)
 r - a +0 cloak (worn)
 x - a +0 shield (worn)
 C - a +0 helmet (worn)
Magical Staves
 j - an uncursed staff of earth
Jewellery
 h - an uncursed ring of ice
 u - an uncursed amulet of guardian spirit
 B - an uncursed ring of flight
 E - the amulet "Bioluf" (around neck) {Reflect rC++ rN+ Int-3 SH+5 Stlth+}
   (You bought it in a shop on level 12 of the Dungeon)

   [amulet of reflection]

   It shields you and reflects attacks.
   It affects your intelligence (-3).
   It greatly protects you from cold.
   It protects you from negative energy.
   It affects your SH (+5).
   It makes you more stealthy.
Wands
 e - a wand of flame (6)
 y - a wand of clouds (8)
 A - a wand of random effects (28)
 D - a wand of iceblast (7)
 F - a wand of paralysis (11)
 G - a wand of acid (11)
 H - a wand of scattershot (4)
 I - a wand of disintegration (12)
Scrolls
 d - 4 scrolls of remove curse
 g - a scroll of enchant armour
 i - 3 scrolls of amnesia
 n - 2 scrolls of fear
 q - 5 scrolls of teleportation
 s - 2 scrolls of fog
 t - a scroll of immolation
 v - 2 scrolls of enchant weapon
 z - 7 scrolls of identify
 K - a scroll of brand weapon
Miscellaneous
 w - a phial of floods
 J - a sack of spiders


   Skills:
 + Level 9.3 Fighting
 + Level 11.3 Long Blades
 + Level 1.8 Throwing
 + Level 8.5 Armour
 + Level 5.0 Dodging
 - Level 0.3 Stealth
 + Level 9.1 Shields
 - Level 1.0 Evocations


You had 12 spell levels left.
You didn't know any spells.
Your spell library contained the following spells:

 Spells                   Type           Power        Failure   Level  Hunger
 Magic Dart               Conj           #...         92%         1    N/A
 Sting                    Conj/Pois      #...         92%         1    N/A
 Blink                    Tloc           N/A          98%         2    N/A
 Call Imp                 Summ           #.......     98%         2    N/A
 Poisonous Vapours        Pois/Air       #.....       98%         2    N/A
 Slow                     Hex            #.......     98%         2    N/A
 Conjure Flame            Conj/Fire      #.......     100%        3    N/A
 Mephitic Cloud           Conj/Pois/Air  #.......     100%        3    N/A
 Olgreb's Toxic Radiance  Pois           #.......     100%        4    N/A
 Irradiate                Conj/Tmut      #.........   100%        5    N/A
 Venom Bolt               Conj/Pois      #.........   100%        5    N/A
 Hydra Form               Tmut           Unusable     N/A         6    N/A
 Statue Form              Tmut/Erth      Unusable     N/A         6    N/A
 Dragon Form              Tmut           Unusable     N/A         7    N/A

Dungeon Overview and Level Annotations

Branches:
Dungeon (14/15)            Temple (1/1) D:6            Lair (0/6) D:8
    Orc (0/2) D:11
 Vaults: D:13-14

Altars:
Ashenzari
Dithmenos
Elyvilon
Fedhas
Gozag
Hepliaklqana
Kikubaaqudgha
Makhleb
Nemelex Xobeh
Okawaru
Ru
Sif Muna
Trog
Uskayaw
Vehumet
Wu Jian
Xom
Zin
The Shining One

Shops:
D:5 !   D:12 =

Annotations:
D:11 square dig!
D:14 Snorg


Innate Abilities, Weirdness & Mutations

You do not eat or drink.
Your flesh is vulnerable to fire.
You are immune to poison.
Your flesh is cold resistant. (rC+)
You are immune to negative energy. (rN+++)
You are immune to unholy pain and torment.
You can survive without breathing.
You are in touch with the powers of death.


Message History

You block Snorg's attack. x2; Snorg claws you!
Unknown command.
You are too injured to fight recklessly!
Unknown command.
You are too injured to fight recklessly!
You slice Snorg!! You freeze Snorg.
Snorg is almost dead.
You block Snorg's attack. Snorg barely misses you. x2
You hit Snorg. You freeze Snorg.
Snorg is almost dead.
You block Snorg's attack. x2; Snorg claws you!
* * * LOW HITPOINT WARNING * * *
You hit Snorg. You freeze Snorg.
Snorg is almost dead.
Snorg bites you!!
* * * LOW HITPOINT WARNING * * *
You block Snorg's attack. Snorg closely misses you. You block Snorg's attack.
Snorg claws you!
You die...
Your body crumbles into a pile of gold.

≈≈≈≈# .≈≈≈≈###
.≈≈≈≈$..
.≈≈≈≈p. #.≈≈≈#
#..≈
########.#
......T@.#
########.# #.#
#.# #.# #.#
#.# ######.#
#.# #......#
#.# #.######
#.# #.#
###.########.#


You could see Snorg (berserk) and a vault guard.

Vanquished Creatures
  A hydra (D:12)
  Harold (D:7)
  Erica (D:8)
  A catoblepas (D:13)
  5 two-headed ogres
  An unseen horror (D:11)
  Pikel (D:4)
  2 cyclopes
  4 ugly things
  A manticore (D:11)
  A centaur zombie (D:11)
  Joseph (D:10)
  A freezing wraith (D:13)
  5 yaktaurs (D:14)
  A tengu conjurer (D:10)
  4 trolls
  Grinder (D:6)
  5 hippogriffs
  Sigmund (D:5)
  A vampire (D:12)
  A spriggan (shapeshifter) (D:13)
  A shadow (D:13)
  A wraith (D:12)
  A wyvern (D:12)
  4 yaks
  A hungry ghost (D:8)
  A basilisk (D:10)
  3 vampire mosquitoes
  Menkaure (D:6)
  An acid dragon (D:12)
  7 porcupines
  A water moccasin (D:11)
  Duvessa (D:6)
  2 black bears
  6 orc warriors
  A phantom (D:4)
  2 sky beasts (D:7)
  3 ice beasts
  A necrophage (D:12)
  9 centaurs
  11 ogres
  4 crocodiles
  3 big kobolds
  11 bullfrogs
  An elf zombie (D:12)
  A gnoll sergeant (D:8)
  Dowan (D:6)
  6 scorpions
  2 troll zombies (D:12)
  18 killer bees
  6 wights
  6 howler monkeys
  4 crimson imps
  2 bullfrog zombies
  A quasit (D:6)
  5 hounds
  3 human zombies (D:12)
  2 jellies
  7 orc priests
  Crazy Yiuf (D:3)
  A gnoll shaman (D:8)
  5 iguanas
  Natasha (twice) (D:4)
  13 orc wizards
  9 worker ants
  A hound zombie (D:6)
  2 mummies (D:12)
  A hound skeleton (D:3)
  A worker ant zombie (D:11)
  9 gnolls (D:8)
  10 adders
  2 shadow imps (D:7)
  An adder zombie (D:7)
  2 oozes
  An adder skeleton (D:4)
  6 worms
  3 dart slugs (D:1)
  3 leopard geckos
  30 orcs
  A ball python (D:3)
  10 bats
  6 giant cockroaches
  8 goblins
  7 hobgoblins
  11 jackals (D:2)
  5 quokkas
  4 frilled lizards
  A jackal skeleton (D:4)
  37 kobolds
  A quokka zombie (D:6)
  12 rats
387 creatures vanquished.

Vanquished Creatures (collateral kills)
  Rupert (D:12)
  Maurice (D:8)
  An orc warrior (D:8)
  An orc priest (D:8)
  An orc wizard (D:8)
5 creatures vanquished.

Vanquished Creatures (others)
  An orc warrior (D:14)
  2 slaves (D:4)
  An ogre (D:4)
  Natasha (D:4)
  A hound skeleton (D:4)
  A quokka skeleton (D:4)
  50 fungi (D:8)
  24 plants (D:8)
81 creatures vanquished.

Grand Total: 473 creatures vanquished

Notes
Turn   | Place    | Note
-------+----------+-------------------------------------------
     0 | D:1      | emperorscorpion the Mummy Fighter began the quest for the
                  | Orb.
     0 | D:1      | Reached XP level 1. HP: 18/18 MP: 1/1
   219 | D:1      | Reached XP level 2. HP: 24/24 MP: 2/2
   952 | D:2      | Reached skill level 2 in Long Blades
   963 | D:2      | Reached XP level 3. HP: 29/29 MP: 3/3
  1073 | D:2      | Found a bloodstained altar of Trog.
  1127 | D:2      | Found a hide-covered altar of Uskayaw.
  1703 | D:3      | Found a radiant altar of Vehumet.
  1715 | D:3      | Reached XP level 4. HP: 35/35 MP: 4/4
  1923 | D:3      | Found a sacrificial altar of Ru.
  1923 | D:3      | Found a blossoming altar of Fedhas.
  1924 | D:3      | Found an iron altar of Okawaru.
  1936 | D:3      | Found a white marble altar of Elyvilon.
  2058 | D:3      | Noticed a bullfrog
  2070 | D:3      | Killed a bullfrog
  2070 | D:3      | Reached skill level 3 in Long Blades
  2070 | D:3      | Reached XP level 5. HP: 31/41 MP: 5/5
  2279 | D:3      | Found a runed door.
  2380 | D:3      | Noticed Crazy Yiuf
  2385 | D:3      | Killed Crazy Yiuf
  2559 | D:4      | Noticed an ogre
  2567 | D:4      | Killed an ogre
  2567 | D:4      | Reached skill level 1 in Dodging
  2567 | D:4      | Reached XP level 6. HP: 48/48 MP: 6/6
  2812 | D:4      | Noticed a slave
  2812 | D:4      | Noticed a slave
  2812 | D:4      | Noticed a slave
  2812 | D:4      | Noticed a slave
  2812 | D:4      | Noticed Pikel
  2841 | D:4      | Killed Pikel
  2841 | D:4      | Reached skill level 4 in Long Blades
  2841 | D:4      | Reached XP level 7. HP: 37/55 MP: 7/7
  2885 | D:4      | Killed Natasha
  2970 | D:4      | Found a glowing golden altar of the Shining One.
  2991 | D:4      | Reached XP level 8. HP: 35/61 MP: 8/8
  2998 | D:4      | Reached skill level 5 in Long Blades
  3674 | D:4      | Noticed Natasha
  3680 | D:4      | Killed Natasha
  3717 | D:4      | Noticed Natasha
  3727 | D:4      | Killed Natasha
  3942 | D:5      | Entered Level 5 of the Dungeon
  3951 | D:5      | Noticed a hippogriff
  3962 | D:5      | Killed a hippogriff
  4087 | D:5      | Found Haoc's Distillery.
  4115 | D:5      | Reached skill level 5 in Shields
  4271 | D:5      | Reached skill level 6 in Long Blades
  4291 | D:5      | Reached skill level 5 in Fighting
  4578 | D:5      | Noticed Sigmund
  4873 | D:5      | Killed Sigmund
  4873 | D:5      | Reached XP level 9. HP: 59/68 MP: 5/9
  4939 | D:5      | Reached skill level 5 in Armour
  5049 | D:5      | Found a burning altar of Makhleb.
  5093 | D:5      | Found an ornate altar of the Wu Jian Council.
  5325 | D:6      | Noticed Duvessa
  5356 | D:6      | Killed Duvessa
  5372 | D:6      | Noticed Dowan
  5402 | D:6      | Killed Dowan
  5790 | D:6      | Noticed Menkaure
  5791 | D:6      | Found a staircase to the Ecumenical Temple.
  5795 | D:6      | Killed Menkaure
  5803 | Temple   | Entered the Ecumenical Temple
  5908 | Temple   | Became a worshipper of Gozag Ym Sagoz the Greedy
  5926 | D:6      | Noticed Grinder
  5933 | D:6      | Paralysed by Grinder for 4 turns
  5948 | D:6      | Killed Grinder
  5948 | D:6      | Reached skill level 7 in Long Blades
  6759 | D:7      | Noticed Harold
  6782 | D:7      | Killed Harold
  6782 | D:7      | Reached XP level 10. HP: 43/76 MP: 10/10
  6789 | D:7      | Noticed a purple ugly thing
  6819 | D:7      | Killed a purple ugly thing
  6824 | D:7      | Reached skill level 8 in Long Blades
  6828 | D:7      | Noticed a purple ugly thing
  6841 | D:7      | Killed a purple ugly thing
  6841 | D:7      | Reached skill level 1 in Evocations
  7868 | D:8      | Noticed Maurice
  7877 | D:8      | Killed Maurice
  8091 | D:8      | Noticed a two-headed ogre
  8101 | D:8      | HP: 2/79 [two-headed ogre/+0 giant spiked club (8)]
  8103 | D:8      | Killed a two-headed ogre
  8103 | D:8      | Reached skill level 9 in Long Blades
  8640 | D:8      | Reached XP level 11. HP: 60/84 MP: 11/11
  8759 | D:8      | Found a hazy altar of Hepliaklqana.
  8976 | D:8      | Noticed Erica
  9385 | D:8      | Found a staircase to the Lair.
  9408 | D:8      | Killed Erica
 10002 | D:9      | Found a shimmering altar of Xom.
 10049 | D:9      | You fall through a shaft for 2 floors!
 10199 | D:10     | Entered Level 10 of the Dungeon
 10763 | D:9      | Noticed a two-headed ogre
 10774 | D:9      | Killed a two-headed ogre
 11241 | D:10     | Noticed Joseph
 11265 | D:10     | Killed Joseph
 11358 | D:10     | Noticed a two-headed ogre
 11397 | D:10     | Killed a two-headed ogre
 11397 | D:10     | Reached skill level 10 in Long Blades
 11743 | D:10     | Got a faintly glowing hunting sling
 11744 | D:10     | Identified the +5 hunting sling "Imp's Funeral" {velocity,
                  | Int+3} (You found it on level 10 of the Dungeon)
 11968 | D:11     | Found a staircase to the Orcish Mines.
 12326 | D:11     | Reached skill level 1 in Throwing
 13014 | D:11     | Reached XP level 12. HP: 94/94 MP: 12/12
 13351 | D:12     | Noticed a seven-headed hydra
 13364 | D:12     | Killed a one-headed hydra
 13605 | D:12     | Found Nuoc's Jewellery Emporium.
 13613 | D:12     | Bought the amulet "Bioluf" {Reflect rC++ rN+ Int-3 SH+5
                  | Stlth+} for 929 gold pieces
 14464 | D:12     | Noticed Rupert
 14478 | D:12     | Paralysed by Rupert for 3 turns
 14518 | D:12     | Killed Rupert
 15156 | D:12     | Found an ancient bone altar of Kikubaaqudgha.
 15650 | D:12     | Noticed a two-headed ogre
 15680 | D:12     | Killed a two-headed ogre
 15680 | D:12     | Reached skill level 11 in Long Blades
 16682 | D:13     | Noticed a two-headed ogre
 17120 | D:13     | Noticed a catoblepas
 17142 | D:13     | Killed a catoblepas
 17706 | D:13     | Killed a two-headed ogre
 18046 | D:14     | Reached skill level 5 in Dodging
 18046 | D:14     | Gained mutation: You are in touch with the powers of death.
                  | [Mummy growth]
 18046 | D:14     | Reached XP level 13. HP: 60/101 MP: 13/13
 18321 | D:14     | Noticed Snorg
 18338 | D:14     | Mangled by Snorg

Vault maps used:
D:1:      ncdulo_watergridlock
D:2:      old_standard_altar, hangedman_decor_push, bloody_trog
D:3:      nicolae_overflow_quartered_altars, fiery_altar_vehumet, first_ration,
          minmay_divided_ellipse, uniq_crazy_yiuf_cottage
D:4:      kennysheep_kobold_camp, old_standard_altar,
          chequers_serial_rivers_micro_c, uniq_natasha, uniq_pikel
D:5:      chequers_temple_overflow_statue_of_worship, serial_shops,
          nicolae_shop_statue_plus, uniq_sigmund
D:6:      minmay_temple_entry_antechambers, uniq_grinder, uniq_duvessa,
          uniq_menkaure
D:7:      minmay_the_grid_octo_2x2, abandoned_shop, kennysheep_nondescript,
          hangedman_decor_points, uniq_harold
D:8:      kennysheep_little_box, due_lair_maze_entry_diamond, uniq_maurice,
          uniq_erica
D:9:      lemuel_doored_altar
D:10:     grunt_tengu_nest, uniq_joseph
D:11:     david_orc_3, serial_aquarium, aquarium_bridge_square,
          aquarium_bridge_long_separate, aquarium_window_corridor_2,
          aquarium_window_2, aquarium_window_1, aquarium_view_2b,
          aquarium_view_2d, aquarium_pool_1
D:12:     serial_shops, shop, lemuel_mausoleum_altar_kikubaaqudgha, uniq_rupert
D:14:     grunt_vaults_entry_fortified, serial_shops, nicolae_shop_stone,
          uniq_roxanne, uniq_snorg
Temple:   jpeg_temple_clearing

Skill      XL: |  1  2  3  4  5  6  7  8  9 10 11 12 |
---------------+-------------------------------------+-----
Long Blades    | 2 3 4 6 7 9 10 11 | 11.3
Shields        | 3 4 5 6 7 9 |  9.1
Armour         | 3 4 5 6 7 8 |  8.5
Dodging        | 1 2 3 4 5 |  5.0
Fighting       | 4 5 6 7 8 9 |  9.3
Evocations     | 1 |  1.0
Throwing       | 1 |  1.8
Stealth        | |  0.3

Action                   |  1- 3 |  4- 6 |  7- 9 | 10-12 | 13-15 || total
-------------------------+-------+-------+-------+-------+-------++-------
Melee: Long sword        |   146 |       |       |       |       ||   146
       Falchion          |     3 |   150 |   336 |   961 |    29 ||  1479
       Scimitar          |       |       |       |     9 |       ||     9
 Fire: Blowgun           |       |     1 |       |    21 |       ||    22
Invok: Potion Petition   |       |       |       |     2 |       ||     2
Evoke: Wand              |       |       |     6 |     7 |       ||    13
       Phial of floods   |       |       |       |     1 |       ||     1
       Sack of spiders   |       |       |       |     6 |       ||     6
  Use: Scroll            |       |       |     1 |    15 |       ||    16
 Stab: Distracted        |       |       |       |     7 |     1 ||     8
Armor: Scale mail        |    72 |    58 |   114 |   263 |     1 ||   508
Dodge: Dodged            |    56 |    36 |    96 |   221 |    17 ||   426
Block: Shield            |    84 |    79 |   148 |   502 |    23 ||   836
       Reflection        |       |       |       |     8 |     2 ||    10
       Rpst.: Long sword |    20 |       |       |       |       ||    20
       Falchion          |     1 |    11 |    29 |    57 |     2 ||   100
       Scimitar          |       |       |       |     1 |       ||     1

Table legend:
 A = Non-vault XP
 B = Vault XP
 C = Vault XP percentage of total XP
 D = Non-vault monster count
 E = Vault monster count
 F = Vault count percentage of total count
                 A         B        C        D         E       F
            +---------+---------+-------+---------+---------+-------
      Total |   26648 |   12078 |  31.2 |     302 |      91 |  23.2
            +---------+---------+-------+---------+---------+-------
        D:1 |      37 |       0 |   0.0 |      19 |       0 |   0.0
        D:2 |      48 |       0 |   0.0 |      26 |       0 |   0.0
        D:3 |      66 |     155 |  70.1 |      19 |      13 |  40.6
        D:4 |     832 |     764 |  47.9 |      24 |      22 |  47.8
        D:5 |     969 |     238 |  19.7 |      20 |       1 |   4.8
        D:6 |     587 |     667 |  53.2 |      12 |       4 |  25.0
        D:7 |    1171 |    3486 |  74.9 |      28 |      18 |  39.1
        D:8 |    2244 |    2315 |  50.8 |      35 |      10 |  22.2
        D:9 |    2397 |       0 |   0.0 |      14 |       0 |   0.0
       D:10 |    1670 |     896 |  34.9 |      11 |       3 |  21.4
       D:11 |    3785 |     227 |   5.7 |      38 |       6 |  13.6
       D:12 |    6122 |    3197 |  34.3 |      27 |      13 |  32.5
       D:13 |    4895 |       0 |   0.0 |      23 |       0 |   0.0
       D:14 |    1825 |     133 |   6.8 |       6 |       1 |  14.3
            +---------+---------+-------+---------+---------+-------
